 Dungeon Crawl Stone Soup version 0.27-a0-1431-gcffa5a9b16 (webtiles) character file.

Game seed: 7780722635868092331

343 flotson the Sneak (level 6, -4/42 HPs)
             Began as an Octopode Brigand on July 3, 2021.
             Slain by a gnoll sergeant (6 damage)
             ... on level 6 of the Dungeon.
             The game lasted 00:04:23 (3585 turns).

flotson the Sneak (Octopode Brigand)                Turns: 3585, Time: 00:04:24

Health: -4/42      AC:  1    Str: 12    XL:     6   Next: 57%
Magic:  6/6        EV: 14    Int: 13    God:
Gold:   82         SH:  0    Dex: 14    Spells: 5/5 levels left

rFire    . . .     SeeInvis .   a - +2 dagger
rCold    . . .     Faith    .   (no shield)
rNeg     . . .     Spirit   .   (helmet restricted)
rPois    .         Reflect  .   (no amulet)
rElec    .         Harm     .   (no ring)
rCorr    .         Rampage  .   (no ring)
Will     .....                  (no ring)
Stlth    ++++......             (no ring)
HPRegen  0.14/turn              (no ring)
MPRegen  0.10/turn              (no ring)
                                (no ring)
                                (no ring)

@: about to teleport
A: almost no armour, amphibious, 8 rings, camouflage 1, gelatinous body 1,
(nimble swimmer 1), tentacles
a: no special abilities


You were on level 6 of the Dungeon.
You visited 1 branch of the dungeon, and saw 4 of its levels.

You collected 82 gold pieces.

Inventory:

Hand Weapons
 a - a +2 dagger (weapon)
Missiles
 b - 8 poisoned darts (quivered)
 c - 2 curare-tipped darts
Wands
 m - a wand of flame (15)
Scrolls
 g - a scroll of noise
 l - a scroll of immolation
 o - a scroll of fear {unknown}
 p - a scroll of identify {unknown}
Potions
 d - a potion of cancellation {unknown}
 e - a potion of brilliance {unknown}
 f - a potion of might {unknown}
 i - a potion of magic {unknown}
 k - a potion of attraction {unknown}


   Skills:
 + Level 3.6 Fighting
 - Level 2.3 Short Blades
 + Level 3.5 Throwing
 + Level 3.0 Dodging
 + Level 6.9 Stealth
 + Level 1.3 Evocations


You had 5 spell levels left.
You didn't know any spells.
Your spell library contained the following spells:

 Spells                   Type           Power      Damage    Failure   Level
 Animate Skeleton         Necr           0%         N/A       30%         1
 Pain                     Necr           0%         1d4       30%         1
 Vampiric Draining        Necr           0%         2d6       67%         3
 Chain Lightning          Conj/Air       0%         N/A       100%        9
 Fire Storm               Conj/Fire      0%         5d1       100%        9


Dungeon Overview and Level Annotations

Branches:
Dungeon (6/15)
 Temple: D:4-7

Altars:
Kikubaaqudgha
Makhleb


Innate Abilities, Weirdness & Mutations

You cannot wear most types of armour.
You are amphibious.
You can wear up to eight rings at the same time.
Your skin changes colour to match your surroundings (Stealth+).
Your rubbery body absorbs attacks. (AC +1, EV +1)
((You are camouflaged near water. (Stealth+)))
You have tentacles for arms and can constrict up to eight enemies at once.


Message History

Okay, then.
Unknown command.
Press < or > to pray at altars.
Okay, then.
The adder completely misses you. The adder bites you.
Okay, then.
The adder bites you but does no damage. The adder bites you.
You are poisoned.
The adder poisons you!
You feel sick.
You feel sick.
You feel better. The adder barely misses you.
As you read the scroll labelled MORRYA CEADIY, it crumbles to dust.
You hear a loud clanging noise!
It was a scroll of noise.
The gnoll shouts!
You hear a shout! x2; You hear an angry hiss.
The adder barely misses you.
The gnoll sergeant hits you from afar with a +0 spear.
The adder closely misses you.
As you read the scroll labelled YLAYXU CECWOTO, it crumbles to dust.
The creatures around you are filled with an inner flame!
It was a scroll of immolation.
The adder closely misses you.
The gnoll sergeant completely misses you.
As you read the scroll labelled LIURHEOWIO, it crumbles to dust.
It is a scroll of amnesia.
You feel forgetful for a moment. The adder bites you.
The gnoll sergeant hits you from afar with a +0 spear!
* * * LOW HITPOINT WARNING * * *
The gnoll hits you from afar with a +0 vorpal halberd.
* * * LOW HITPOINT WARNING * * *
x2 The adder bites you.
* * * LOW HITPOINT WARNING * * *
As you read the scroll labelled ZAICSIDGHECORPH, it crumbles to dust.
You feel strangely unstable.
It was a scroll of teleportation.
The adder bites you.
* * * LOW HITPOINT WARNING * * *
The gnoll sergeant hits you from afar with a +0 spear.
You die...

##.###.............#
##.###.............#
...................#
...................#
...................#
.............g.....#
..............g....#
..............g....#
############...S@..#
#.......# #.......#
#.......# #.......#
#########


You could see a gnoll sergeant (inner flame), 2 gnolls and an adder (inner
flame).

Vanquished Creatures
  A necrophage (D:6)
  A hound (D:6)
  An iguana (D:6)
  Natasha (thrice) (D:2)
  A hound skeleton (D:6)
  Robin (D:2)
  3 adders (D:2)
  A gnoll (D:1)
  2 worms (D:2)
  2 dart slugs (D:2)
  2 giant cockroaches (D:1)
  11 goblins
  4 hobgoblins (D:2)
  3 jackals (D:1)
  3 quokkas
  5 ball pythons
  3 bats (D:1)
  3 frilled lizards
  7 kobolds
  6 rats
63 creatures vanquished.

Notes
Turn   | Place    | Note
-------+----------+-------------------------------------------
     0 | D:1      | flotson the Octopode Brigand began the quest for the Orb.
     0 | D:1      | Reached XP level 1. HP: 14/14 MP: 1/1
   108 | D:1      | Reached XP level 2. HP: 19/19 MP: 2/2
   273 | D:1      | Reached XP level 3. HP: 25/25 MP: 3/3
   969 | D:2      | Noticed Robin
  1363 | D:2      | Killed Robin
  1519 | D:2      | Reached XP level 4. HP: 28/30 MP: 4/4
  1844 | D:2      | Found a faded altar of an unknown god.
  1850 | D:2      | Noticed Natasha
  1855 | D:2      | Killed Natasha
  1856 | D:2      | Reached skill level 6 in Stealth
  1912 | D:2      | Noticed Natasha
  1920 | D:2      | Killed Natasha
  1921 | D:2      | Reached XP level 5. HP: 15/36 MP: 5/5
  1932 | D:2      | Noticed Natasha
  2369 | D:2      | Found a faded altar of an unknown god.
  2579 | D:2      | Killed Natasha
  3169 | D:3      | You fall into a shaft and drop 3 floors!
  3185 | D:6      | Found a burning altar of Makhleb.
  3186 | D:6      | Noticed a necrophage
  3194 | D:6      | Killed a necrophage
  3195 | D:6      | Reached skill level 1 in Evocations
  3195 | D:6      | Reached XP level 6. HP: 22/42 MP: 6/6
  3555 | D:6      | Found an ancient bone altar of Kikubaaqudgha.
  3585 | D:6      | HP: 2/42 [adder (2)]
  3585 | D:6      | Slain by a gnoll sergeant

Illustrated notes

Levels and vault maps discovered:
D:1:      dpeg_arrival_round_c, layout_basic, minivault_25,
          minmay_misc_feat_pillars
D:2:      layout_basic, chequers_ecumenical_altar_twisty, uniq_robin,
          uniq_natasha
D:3:      layout_basic
D:6:      layout_gridville, makhleb_blood_cavern_becter,
          nicolae_kikubaaqudgha_miasma_corner, columned_hall_lemuel,
          minivault_22

Skill      XL: |  1  2  3  4  5  6 |
---------------+-------------------+-----
Dodging        | 2 3 |  3.0
Stealth        | 6 |  6.9
Fighting       | 3 |  3.6
Throwing       | 3 |  3.5
Evocations     | 1 |  1.3
Short Blades   | |  2.3

Action                   |  1- 3 |  4- 6 || total
-------------------------+-------+-------++-------
Melee: Dagger            |    53 |    57 ||   110
       Constrict         |    14 |    13 ||    27
       Tentacles         |     9 |    11 ||    20
  Use: Scroll            |       |     4 ||     4
       Potion            |       |     1 ||     1
 Stab: Sleeping          |    14 |    10 ||    24
       Distracted        |       |     3 ||     3
Armor: Skin              |     2 |     3 ||     5
Dodge: Dodged            |    23 |    31 ||    54

Table legend: (Time is in decaauts)
 A = Elapsed time spent in this place.
 B = Non-inter-level travel time spent in this place.
 C = Inter-level travel time spent in this place.
 D = Time resting spent in this place.
 E = Time spent auto-exploring this place.
 F = Levels seen in this place.
 G = Mean time per level.
                   A        B        C        D        E       F      G
               +--------+--------+--------+--------+--------+-----+--------+
         Total |   3574 |   3496 |     78 |    620 |   2388 |   4 |  893.5 |
       Dungeon |   3574 |   3496 |     78 |    620 |   2388 |   4 |  893.5 |
               +--------+--------+--------+--------+--------+-----+--------+

Top non-repeatable levels by time:
     D:2: 1678 daAuts
     D:1: 1316 daAuts
     D:6: 414 daAuts
     D:3: 165 daAuts
